 Dungeon Crawl Stone Soup version 0.28.0-45-g0d030f2227 (webtiles) character file.

Game seed: 5769019991736229518

171 sanboga the Covered (level 5, -5/33 HPs)
             Began as a Gargoyle Fighter on Apr 10, 2022.
             Slain by a gnoll
             ... wielding a +0 flail
              (6 damage)
             ... on level 3 of the Dungeon.
             The game lasted 00:03:19 (2700 turns).

sanboga the Covered (Gargoyle Fighter)              Turns: 2700, Time: 00:03:20

Health: -5/33      AC: 11    Str: 21      XL:     5   Next: 51%
Magic:  5/5        EV: 13    Int:  6 (9)  God:
Gold:   50         SH:  4    Dex:  8 (9)  Spells: 4/4 levels left

rFire   + . .      SeeInvis .   a - +0 war axe
rCold   + . .      Faith    .   c - +0 buckler
rNeg    + . .      Spirit   .   b - +0 scale mail
rPois   ∞          Reflect  .   (no helmet)
rElec   +          Harm     .   (no cloak)
rCorr   +          Rampage  .   (no gloves)
Will    .....                   (no boots)
Stlth   ..........              (no amulet)
HPRegen 0.11/turn               f - +4 ring of evasion
MPRegen 0.09/turn               h - ring of flight

@: mighty, resistant, flying
A: sickness immunity, AC +4, negative energy resistance 1, electricity
resistance, torment resistance 1, petrification resistance
a: no special abilities


You were on level 3 of the Dungeon.
You visited 1 branch of the dungeon, and saw 3 of its levels.

You collected 50 gold pieces.

Inventory:

Hand Weapons
 a - a +0 war axe (weapon)
Armour
 b - a +0 scale mail (worn)
 c - a +0 buckler (worn)
Jewellery
 f - a +4 ring of evasion (left hand)
 h - a ring of flight (right hand)
 n - a ring of protection from fire
Scrolls
 e - a scroll of magic mapping {unknown}
 g - a scroll of fog {unknown}
 k - a scroll of amnesia {unknown}
 m - 2 scrolls of identify {unknown}
 p - a scroll of summoning {unknown}


   Skills:
 + Level 4.1 Fighting
 * Level 3.4 Axes
 + Level 4.1 Armour
 + Level 4.1 Shields


You had 4 spell levels left.
You didn't know any spells.
Your spell library was empty.

Dungeon Overview and Level Annotations

Branches:
Dungeon (3/15)

Altars:

Shops:
D:3 !


Innate Abilities, Weirdness & Mutations

You are immune to sickness and miasma.
Your stone body is resilient. (AC +4)
You are immune to poison.
You resist negative energy. (rN+)
You are resistant to electric shocks. (rElec)
You are resistant to unholy torment.
You are immune to petrification.


Message History

You barely miss the gnoll. The gnoll hits you but does no damage.
The gnoll hits you with a +0 club. The gnoll closely misses you.
The gnoll hits you from afar with a +2 spear of venom.
You bump into the rock wall.
The gnoll hits you but does no damage.
The gnoll hits you from afar with a +0 halberd.
* * * LOW HITPOINT WARNING * * *
The gnoll hits you but does no damage.
You miss the gnoll.
You feel less invigorated.
You feel less confused.
The gnoll hits you but does no damage. x3; The gnoll misses you.
It was a potion of flight.
You feel more buoyant. The gnoll barely misses you.
The gnoll hits you but does no damage. The gnoll closely misses you.
It was a potion of curing.
You feel better.
The gnoll hits you from afar with a +0 halberd.
You block the gnoll's attack. The gnoll misses you.
You slash the gnoll!
The gnoll is severely wounded.
You block the gnoll's attack.
The gnoll hits you from afar with a +2 spear of venom.
The gnoll hits you with a +0 club. The gnoll closely misses you.
The gnoll hits you from afar with a +2 spear of venom.
* * * LOW HITPOINT WARNING * * *
You slash the gnoll!
You kill the gnoll!
You block the gnoll's attack.
The gnoll hits you from afar with a +2 spear of venom.
* * * LOW HITPOINT WARNING * * *
The gnoll closely misses you.
You feel your strength returning.
You closely miss the gnoll. The gnoll hits you but does no damage.
The gnoll misses you. The gnoll barely misses you.
You block the gnoll's attack.
It was a potion of resistance.
You feel protected.
The gnoll hits you from afar with a +2 spear of venom.
* * * LOW HITPOINT WARNING * * *
The gnoll hits you with a +0 flail.
You die...

#.# #######+#.#
..#.## #.........#
#.#.## #.........#
#.#.## #.........#
...## #...).....#
#..## #.....g.g.#
###..##
#######g#.#
#....##
#@#.#+######...∩..
#.#..........##...
#.#.........>##..#
#.#...........#..#
###....######.#...
###### ###.## #.#.
####.#.
#######....#.


You could see 3 gnolls.

Vanquished Creatures
  Natasha (thrice) (D:2)
  A gnoll (D:3)
  3 adders
  A worm (D:2)
  2 dart slugs
  An orc (D:3)
  5 ball pythons
  5 bats
  4 endoplasms
  2 giant cockroaches (D:1)
  4 goblins
  7 hobgoblins
  A quokka (D:2)
  3 frilled lizards
  4 kobolds
  5 rats
  2 toadstools (D:1)
53 creatures vanquished.

Vanquished Creatures (others)
  2 toadstools (D:1)
2 creatures vanquished.

Grand Total: 55 creatures vanquished

Notes
Turn   | Place    | Note
-------+----------+-------------------------------------------
     0 | D:1      | sanboga the Gargoyle Fighter began the quest for the Orb.
     0 | D:1      | Reached XP level 1. HP: 14/14 MP: 1/1
   203 | D:1      | Reached XP level 2. HP: 19/19 MP: 2/2
   748 | D:1      | Reached XP level 3. HP: 23/23 MP: 3/3
  1274 | D:2      | Noticed Natasha
  1289 | D:2      | Killed Natasha
  1290 | D:2      | Reached XP level 4. HP: 13/29 MP: 4/4
  1341 | D:2      | Noticed Natasha
  1524 | D:2      | Killed Natasha
  1579 | D:2      | Noticed Natasha
  1589 | D:2      | HP: 1/29 [iron imp[Natasha] (4)]
  1596 | D:2      | Killed Natasha
  1597 | D:2      | Reached XP level 5. HP: 20/33 MP: 5/5
  2568 | D:3      | Found Eloaclom's Distillery.
  2700 | D:3      | HP: 1/33 [gnoll/+2 spear of venom (2)]
  2700 | D:3      | Slain by a gnoll

Illustrated notes

Levels and vault maps discovered:
D:1:      ldierk_water_garden, layout_basic, serial_glass, glass_columns_b,
          glass_columns_a
D:2:      layout_loops_corners, minmay_strange_pillars, uniq_natasha
D:3:      layout_basic, serial_shops, nicolae_square_shop,
          chequers_serial_rivers_micro_c

Skill      XL: |  1  2  3  4 |
---------------+-------------+-----
Axes           | 2 3 |  3.4
Fighting       | 4 |  4.1
Armour         | 4 |  4.1
Shields        | 4 |  4.1

Action                   |  1- 3 |  4- 6 || total
-------------------------+-------+-------++-------
Melee: War axe           |    77 |    77 ||   154
  Use: Potion            |       |     8 ||     8
Armor: Scale mail        |    24 |    30 ||    54
Dodge: Dodged            |    58 |    75 ||   133
Block: Buckler           |    12 |    20 ||    32
